 Seeded DCSS version 0.28-a0-823-gb444dcf96d (webtiles) character file.

Game seed: 5494768922653061978 (custom seed)

13 croobank the Vexing (level 2, -3/11 HPs)
             Began as a Felid Enchanter on Nov 9, 2021.
             Killed from afar by Natasha (5 damage)
             ... with a magic dart
             ... on level 2 of the Dungeon.
             The game lasted 00:01:45 (388 turns).

croobank the Vexing (Felid Enchanter)                Turns: 388, Time: 00:01:46

Health: -3/11      AC:  1    Str:  4    XL:     2   Next: 24%
Magic:  4/6        EV: 17    Int: 16    God:
Gold:   13         SH:  0    Dex: 16    Spells: 3/5 levels left
                                        Lives:  0   Deaths: 0

rFire   . . .      SeeInvis +     - Unarmed
rCold   . . .      Faith    .   (shield unavailable)
rNeg    . . .      Spirit   .   (armour unavailable)
rPois   .          Reflect  .   (helmet unavailable)
rElec   .          Harm     .   (cloak unavailable)
rCorr   .          Rampage  .   (gloves unavailable)
Will    .....                   (boots unavailable)
Stlth   +++.......              (no amulet)
HPRegen 0.03/turn               (no ring)
MPRegen 0.10/turn               (no ring)

@: very slightly contaminated, quick
A: very small, claws 1, fangs 3, see invisible, speed 1, shaggy fur 1, stealthy
paws, no weapons or thrown items, no armour, multi-lived
a: no special abilities


You were on level 2 of the Dungeon.
You visited 1 branch of the dungeon, and saw 2 of its levels.

You collected 13 gold pieces.

Inventory:

Scrolls
 b - a scroll of noise {unknown}
Potions
 a - a potion of invisibility
 c - a potion of cancellation {unknown}


   Skills:
 + Level 2.8 Dodging
 + Level 4.3 Stealth
 + Level 1.0 Unarmed Combat
 + Level 2.1 Spellcasting
 + Level 4.9 Hexes


You had 3 spell levels left.
You knew the following spells:

 Your Spells              Type           Power      Damage    Failure   Level
a - Ensorcelled Hibernat  Hex/Ice        18%        N/A       11%         2

Your spell library contained the following spells:

 Spells                   Type           Power      Damage    Failure   Level
 Confusing Touch          Hex            17%        N/A       9%          3
 Tukima's Dance           Hex            17%        N/A       9%          3
 Dazzling Flash           Conj/Hex       18%        N/A       22%         3


Dungeon Overview and Level Annotations

Branches:
Dungeon (2/15)

Altars:

Annotations:
D:2 Natasha


Innate Abilities, Weirdness & Mutations

You have sharp claws.
You have razor-sharp teeth.
You have supernaturally acute eyesight. (SInv)
You cover ground quickly. (Speed+)
You are covered in fur. (AC +1)
Your paws help you pounce on unaware monsters.
You are incapable of wielding weapons or throwing items.
You cannot wear armour.
You gain extra lives every three experience levels.


Message History

The adder bites you but does no damage.
You closely miss the adder.
The adder is severely wounded.
The adder bites you.
You closely miss the adder.
The adder is severely wounded.
The adder completely misses you. The adder closely misses you.
You scratch the adder.
The adder is almost dead.
The adder completely misses you.
You scratch the adder but do no damage.
The adder is almost dead.
The adder barely misses you.
You scratch the adder.
You kill the adder!
You have reached level 2!
Unknown command.
Unknown command.
You start resting.
HP restored.
Memorise Ensorcelled Hibernation, consuming 2 spell levels and leaving 3?
Natasha hisses angrily.
You start memorising the spell.
You continue memorising. x2
You finish memorising.
Spell assigned to 'a'.
Casting: Ensorcelled Hibernation (safe; 11% risk of failure)
Confirm with . or Enter, or press ? or * to list all spells.
Aiming: Ensorcelled Hibernation (safe; 11% risk of failure)
Press: ? - help, Shift-Dir - straight line, f - Natasha
Aim: Natasha (chance to affect: 40%)
You miscast Ensorcelled Hibernation.
You are very lightly contaminated with residual magic.
Nothing appears to happen.
Natasha stares at you and mumbles some strange words.
The magic dart hits you!
Ouch! That really hurt!
* * * LOW HITPOINT WARNING * * *
There is a stone staircase leading down here.
Natasha stares at you and mumbles some strange words.
The magic dart hits you.
You die...

..#.##. ..... .......
..... ...... #...#
#.#..# #...# #.#.[#
##...## #.#..# #.....#
#.#).## #######.....#
##.$...# #..@.....)..#
#..#รท..####.#####.....#
#..#...h.h............#
#..##..####.#####...###
#......# #.# ##.##
####.###.## #.# #.#
.........# #.######.####
####.##### #...........#
#.......# #.######.##.#


You could see Natasha.

Vanquished Creatures
  An adder (D:2)
  An endoplasm (D:2)
  2 hobgoblins (D:2)
4 creatures vanquished.

Notes
Turn   | Place    | Note
-------+----------+-------------------------------------------
     0 | D:1      | croobank the Felid Enchanter began the quest for the Orb.
     0 | D:1      | Reached XP level 1. HP: 7/7 MP: 4/4
   105 | D:2      | Noticed Natasha
   212 | D:2      | Reached XP level 2. HP: 6/11 MP: 6/6
   380 | D:2      | Learned a level 2 spell: Ensorcelled Hibernation
   388 | D:2      | Killed from afar by Natasha

Illustrated notes

Levels and vault maps discovered:
D:1:      kennysheep_arrival_seaside, layout_basic, basic_ecumenical_altar
D:2:      layout_loops_ring, bh_walls_and_bars, uniq_terence, uniq_natasha

Action                   || total
-------------------------++-------
Melee: Unarmed           ||     9
 Stab: Sleeping          ||     4
Armor: Skin              ||     1
Dodge: Dodged            ||     4

Table legend: (Time is in decaauts)
 A = Elapsed time spent in this place.
 B = Non-inter-level travel time spent in this place.
 C = Inter-level travel time spent in this place.
 D = Time resting spent in this place.
 E = Time spent auto-exploring this place.
 F = Levels seen in this place.
 G = Mean time per level.
                   A        B        C        D        E       F      G
               +--------+--------+--------+--------+--------+-----+--------+
         Total |    342 |    342 |      0 |    144 |     96 |   2 |  171.0 |
       Dungeon |    342 |    342 |      0 |    144 |     96 |   2 |  171.0 |
               +--------+--------+--------+--------+--------+-----+--------+

Top non-repeatable levels by time:
     D:2: 315 daAuts
     D:1: 26 daAuts
